 Dungeon Crawl Stone Soup version 0.28-a0-1348-g050f3537b9 (webtiles) character file.

Game seed: 2783575198453924930

2585 Deminshera the Grappler (level 9, -1/82 HPs)
             Began as a Ghoul Monk on Dec 30, 2021.
             Slain by an orc warrior (20 damage)
             ... on level 6 of the Dungeon.
             The game lasted 00:08:03 (10145 turns).

Deminshera the Grappler (Ghoul Monk)               Turns: 10145, Time: 00:08:04

Health: -1/82      AC:  8    Str: 19    XL:     9   Next: 58%
Magic:  8/8        EV:  7    Int:  5    God:
Gold:   366        SH:  0    Dex: 11    Spells: 8/8 levels left

rFire   . . .      SeeInvis .     - Unarmed
rCold   + . .      Faith    .   (no shield)
rNeg    + + +      Spirit   .   i - +0 chain mail
rPois   ∞          Reflect  .   (no helmet)
rElec   .          Harm     .   (no cloak)
rCorr   .          Rampage  .   (no gloves)
Will    .....                   (no boots)
Stlth   ..........              (no amulet)
HPRegen 0.00/turn               (no ring)
MPRegen 0.11/turn               (no ring)

@: inhibited regen
A: claws 1, cold resistance 1, negative energy resistance 3, inhibited
regeneration, torment resistance 2
a: no special abilities


You were on level 6 of the Dungeon.
You visited 2 branches of the dungeon, and saw 9 of its levels.

You collected 366 gold pieces.

Inventory:

Armour
 i - a +0 chain mail (worn)
 t - a +0 tower shield
Jewellery
 n - a ring of flight
 r - a ring of wizardry
Wands
 e - a wand of flame (19)
 s - a wand of iceblast (5)
Scrolls
 a - 3 scrolls of brand weapon {unknown}
 b - 2 scrolls of teleportation {unknown}
 c - 4 scrolls of amnesia {unknown}
 f - 2 scrolls of magic mapping {unknown}
 h - 3 scrolls of fog {unknown}
 j - 3 scrolls of identify
 l - a scroll of acquirement {unknown}
 m - a scroll of enchant weapon {unknown}
 p - 2 scrolls of vulnerability {unknown}
Potions
 d - 3 potions of curing
 g - a potion of cancellation
 k - 3 potions of might
 o - 2 potions of heal wounds
 q - a potion of flight {unknown}


   Skills:
 + Level 8.6 Fighting
 - Level 2.6 Dodging
 - Level 2.1 Stealth
 * Level 1.8 Shields
 + Level 11.6 Unarmed Combat


You had 8 spell levels left.
You didn't know any spells.
Your spell library contained the following spells:

 Spells                   Type           Power      Damage    Failure   Level
 Magic Dart               Conj           0%         1d3       100%        1
 Call Imp                 Summ           0%         N/A       100%        2
 Mephitic Cloud           Conj/Pois/Air  0%         N/A       100%        3


Dungeon Overview and Level Annotations

Branches:
Dungeon (8/15)             Temple (1/1) D:6            Lair (0/6) D:8

Altars:
Ashenzari
Cheibriados
Dithmenos
Elyvilon
Fedhas
Gozag
Hepliaklqana
Kikubaaqudgha
Nemelex Xobeh
Okawaru
Qazlal
Ru
Sif Muna
Trog
Uskayaw
Vehumet
Xom
Yredelemnul
Zin
The Shining One

Shops:
D:1 [   D:2 (

Annotations:
D:8 3 runed translucent doors, Trumph21's ghost, novice TrBe


Innate Abilities, Weirdness & Mutations

You thrive by killing the living.
You are immune to poison.
You have sharp fingernails.
Your flesh is cold resistant. (rC+)
You are immune to negative energy. (rN+++)
You do not regenerate when monsters are visible.
You are immune to unholy pain and torment.


Message History

The gnoll hits you with a +0 club.
You barely miss the gnoll. You closely miss the gnoll.
Your claw misses the gnoll. The gnoll hits you with a +0 club.
You scratch the gnoll but do no damage. The gnoll closely misses you.
You closely miss the gnoll. The gnoll hits you with a +0 club.
You barely miss the gnoll. The gnoll barely misses you.
You claw the gnoll!
You kill the gnoll!
You see here a +0 club.
You start resting.
An orc warrior comes into view. It is wielding a +0 halberd.
An orc warrior is nearby!
An orc warrior is nearby!
An orc comes into view.
It is wielding a +2 whip of electrocution.
You see here a scroll labelled SOENWUORUCS.
An orc comes into view. It is wielding a +0 hand axe.
The orc shouts! x2
The orc warrior drinks a potion.
The orc warrior seems to grow stronger.
You claw the orc warrior!
The orc warrior is heavily wounded.
An orc comes into view. It is wielding a +0 hand axe.
You closely miss the orc warrior.
The orc warrior is heavily wounded.
The orc shouts!
You hear a shout!
The orc warrior barely misses you.
You scratch the orc warrior but do no damage.
The orc warrior is heavily wounded.
The orc warrior hits you with a +0 halberd!!
An orc comes into view. It is wielding a +0 whip.
You are too injured to fight recklessly!
The orc throws a boomerang.
The boomerang hits you but does no damage.
The orc warrior hits you from afar with a +0 halberd!
* * * LOW HITPOINT WARNING * * *
You see here a scroll labelled SOENWUORUCS.
You see here a +0 club.
There is a stone staircase leading down here.
The orc warrior hits you from afar with a +0 halberd!!
You die...

#.........o...#
#........#.##o#
#.....8...).##.#
#.#........###.#
...........# #o#
#........## #o#
###...#..# #o#
###...## #.#
###. #@#########
#.....)...#
#########.# #.#
#.# ######.#
#...^..#
#.######


You could see an orc warrior (strong) and 3 orcs.

Vanquished Creatures
  A centaur zombie (D:5)
  Sigmund (D:3)
  Edmund (D:4)
  2 ice beasts
  A sky beast (D:6)
  A water moccasin (D:5)
  3 ogres
  A centaur (D:7)
  A kobold brigand (D:7)
  Blork the orc (D:4)
  A bullfrog (D:6)
  A gnoll sergeant (D:5)
  2 wyvern zombies
  A water moccasin skeleton (D:4)
  2 water moccasin zombies
  A howler monkey (D:5)
  A bullfrog zombie (D:5)
  A hound (D:6)
  A jelly (D:6)
  An orc priest (D:4)
  A centaur skeleton (D:5)
  2 bullfrog skeletons
  Natasha (thrice) (D:4)
  3 orc wizards
  2 iguanas
  Ijyb (D:3)
  A hound skeleton (D:4)
  7 adders
  8 gnolls
  A howler monkey skeleton (D:6)
  A white imp (D:5)
  An adder skeleton (D:4)
  3 worms
  2 dart slugs
  19 orcs
  3 bats
  6 endoplasms
  3 giant cockroaches
  9 hobgoblins
  4 jackals (D:2)
  2 quokkas
  13 ball pythons
  6 frilled lizards
  7 goblins
  12 kobolds
  6 rats
151 creatures vanquished.

Notes
Turn   | Place    | Note
-------+----------+-------------------------------------------
     0 | D:1      | Deminshera the Ghoul Monk began the quest for the Orb.
     0 | D:1      | Reached XP level 1. HP: 19/19 MP: 0/0
   113 | D:1      | Reached XP level 2. HP: 26/26 MP: 1/1
   423 | D:1      | Found Moituef's Armour Boutique.
   432 | D:1      | Found a faded altar of an unknown god.
   465 | D:1      | Reached skill level 4 in Unarmed Combat
   649 | D:1      | Reached XP level 3. HP: 33/33 MP: 2/2
  1721 | D:2      | Reached XP level 4. HP: 40/40 MP: 3/3
  1890 | D:2      | Found Qeomeune's Weapon Emporium.
  2049 | D:2      | Reached skill level 5 in Unarmed Combat
  2699 | D:2      | Found a shimmering altar of Xom.
  2956 | D:3      | Noticed Sigmund
  3038 | D:3      | Killed Sigmund
  3039 | D:3      | Reached skill level 5 in Fighting
  3039 | D:3      | Reached skill level 6 in Unarmed Combat
  3039 | D:3      | Reached XP level 5. HP: 16/48 MP: 4/4
  3039 | D:3      | Reached XP level 6. HP: 19/56 MP: 5/5
  3471 | D:3      | Noticed Ijyb
  3479 | D:3      | Killed Ijyb
  3998 | D:4      | Reached skill level 7 in Unarmed Combat
  4260 | D:4      | Noticed Edmund
  4263 | D:4      | Noticed Natasha
  4279 | D:4      | Killed Edmund
  4280 | D:4      | Reached XP level 7. HP: 25/62 MP: 6/6
  4283 | D:4      | Killed Natasha
  4870 | D:4      | Reached skill level 8 in Unarmed Combat
  5063 | D:4      | Noticed Blork the orc
  5070 | D:4      | Killed Blork the orc
  5507 | D:4      | Noticed Natasha
  5514 | D:4      | Killed Natasha
  5616 | D:4      | Noticed Natasha
  5622 | D:4      | Killed Natasha
  5623 | D:4      | Reached XP level 8. HP: 71/71 MP: 7/7
  5975 | D:5      | Entered Level 5 of the Dungeon
  6136 | D:5      | Reached skill level 9 in Unarmed Combat
  6792 | D:5      | Found a hazy altar of Hepliaklqana.
  6795 | D:5      | Found a sparkling altar of Nemelex Xobeh.
  7589 | D:5      | Reached skill level 10 in Unarmed Combat
  7899 | D:5      | Reached XP level 9. HP: 66/81 MP: 8/8
  8434 | D:5      | Reached skill level 11 in Unarmed Combat
  9053 | D:6      | Found a staircase to the Ecumenical Temple.
  9085 | Temple   | Entered the Ecumenical Temple
  9290 | D:6      | You fall into a shaft and drop 2 floors!
  9293 | D:8      | Found a staircase to the Lair.
  9294 | D:8      | Found a runed translucent gate.
  9294 | D:8      | Found a runed translucent gate.
  9294 | D:8      | Found a runed translucent gate.
  9296 | D:8      | Noticed Trumph21's ghost (novice TrBe)
 10066 | D:6      | Reached skill level 1 in Shields
 10145 | D:6      | Slain by an orc warrior

Illustrated notes

Levels and vault maps discovered:
D:1:      roderic_octagonal_star, layout_loops_ring, serial_shops,
          nicolae_shop_waterfront, shapermc_ecumenical_altar_flowoftime,
          minmay_heptomino_w4
D:2:      layout_basic, basic_altar, serial_shops, nicolae_square_shop,
          bh_walls_and_bars
D:3:      layout_rooms, uniq_sigmund, uniq_ijyb
D:4:      layout_basic, mainiacjoe_overflow_concentric_impassable, uniq_natasha,
          uniq_blork_the_orc, uniq_edmund
D:5:      layout_basic, minitemple
D:6:      minmay_skewed_foursquare, layout_loops_ring, minmay_temple_entry_ruins
D:7:      layout_basic
D:8:      layout_gridville, lair_entry_dummy, gammafunk_ghost_nasty_kobolds
Temple:   bh_familiar_temple

Skill      XL: |  1  2  3  4  5  6  7  8  9 |
---------------+----------------------------+-----
Unarmed Combat | 4 6 7 8 10 11 | 11.6
Fighting       | 4 5 6 7 8 |  8.6
Shields        | 1 |  1.8
Dodging        | |  2.6
Stealth        | |  2.1

Action                   |  1- 3 |  4- 6 |  7- 9 || total
-------------------------+-------+-------+-------++-------
Melee: Unarmed           |   122 |   186 |   255 ||   563
       Punch             |       |     3 |     7 ||    10
  Use: Scroll            |       |     3 |     2 ||     5
       Potion            |       |       |     1 ||     1
 Stab: Sleeping          |     5 |       |       ||     5
Armor: Robe              |    25 |       |       ||    25
       Chain mail        |     5 |    90 |   114 ||   209
Dodge: Dodged            |    78 |    58 |    76 ||   212
Block: Tower shield      |       |       |     5 ||     5

Table legend: (Time is in decaauts)
 A = Elapsed time spent in this place.
 B = Non-inter-level travel time spent in this place.
 C = Inter-level travel time spent in this place.
 D = Time resting spent in this place.
 E = Time spent auto-exploring this place.
 F = Levels seen in this place.
 G = Mean time per level.
                   A        B        C        D        E       F      G
               +--------+--------+--------+--------+--------+-----+--------+
         Total |  10093 |   9533 |    560 |   3369 |   4983 |   9 | 1121.4 |
       Dungeon |   9904 |   9363 |    541 |   3369 |   4816 |   8 | 1238.0 |
        Temple |    188 |    169 |     19 |      0 |    167 |   1 |  188.0 |
               +--------+--------+--------+--------+--------+-----+--------+

Top non-repeatable levels by time:
     D:4: 2803 daAuts
     D:2: 1850 daAuts
     D:5: 1848 daAuts
     D:1: 1228 daAuts
     D:3: 1077 daAuts
     D:7: 571 daAuts
     D:6: 515 daAuts
  Temple: 188 daAuts
     D:8: 7 daAuts
